 Dungeon Crawl Stone Soup version 0.17-a0-1651-gae1a69f (webtiles) character file.

39 PhoenixCNY the Cudgeler (level 3, -2/34 HPs)
             Began as a Minotaur Berserker on Aug 14, 2015.
             Was a Believer of Trog.
             Slain by a gnoll
             ... wielding a +0 halberd
              (11 damage)
             ... on level 2 of the Dungeon.
             The game lasted 00:05:28 (947 turns).

PhoenixCNY the Cudgeler (Minotaur Berserker)         Turns: 947, Time: 00:05:28

Health: -2/34      AC:  3    Str: 21    XL:     3   Next: 26%
Magic:  2/2        EV: 12    Int:  4    God:    Trog [**....]
Gold:   65         SH:  0    Dex: 10    Spells: 0 memorised, 2 levels left

rFire  . . .     SeeInvis .     a - +0 mace
rCold  . . .     Clarity  .     m - +0 leather armour
rNeg   . . .     SustAt   .     (no shield)
rPois  .         Gourm    .     (helmet restricted)
rElec  .         Spirit   .     (no cloak)
rCorr  .         Warding  .     (no gloves)
rMut   .         Stasis   .     (no boots)
MR     .....                    (no amulet)
Stlth  +.........               (no ring)
                                (no ring)

@: not resistant to hostile enchantments, very unstealthy
A: retaliatory headbutt, horns 2
a: Burn Spellbooks, Berserk, Trog's Hand, Renounce Religion


You were on level 2 of the Dungeon.
You worshipped Trog.
Trog was pleased with you.
You were not hungry.

You visited 1 branch of the dungeon, and saw 2 of its levels.

You collected 65 gold pieces.

Inventory:

Hand weapons
 a - a +0 mace (weapon)
 l - a +1 quarterstaff of crushing
Missiles
 e - 2 tomahawks (quivered)
Armour
 b - a +0 animal skin
 m - a +0 leather armour (worn)
Scrolls
 d - 2 scrolls of identify
 k - a scroll of remove curse {unknown}
Potions
 g - a potion of brilliance {unknown}
 h - 2 potions of curing {unknown}
 j - a potion of magic
 n - a potion of degeneration {unknown}
Comestibles
 c - a bread ration
 f - 4 beef jerkies
 i - 5 fruits


   Skills:
 + Level 4.3 Fighting
 + Level 4.5 Maces & Flails
 - Level 2.5 Armour
 - Level 2.3 Dodging


You had 2 spell levels left.
You didn't know any spells.

Dungeon Overview and Level Annotations

Branches:
Dungeon (2/15)

Altars:
Qazlal


Innate Abilities, Weirdness & Mutations

You reflexively headbutt those who attack you in melee.
You have a pair of horns on your head.


Message History

Found a scroll labeled DUDAKHYRPHA.
A gnoll comes into view. It is wielding a spear.
The gnoll moves out of view.
The gnoll throws a throwing net.
The throwing net barely misses you. The gnoll misses you.
The gnoll barely misses you.
You hit the gnoll. Your headbutt misses the gnoll.
The gnoll is lightly wounded.
The gnoll misses you. The gnoll barely misses you.
The gnoll hits you from afar with a spear!
The gnoll closely misses you.
You hit the gnoll.
The gnoll is moderately wounded.
The gnoll hits you from afar with a spear.
The gnoll hits you from afar with a halberd.
The gnoll hits you with a spear.
* * * LOW HITPOINT WARNING * * *
The gnoll closely misses you.
The gnoll hits you from afar with a halberd!
You die...

.######..).........#....#
<.....#####........#....#
......# ###.#####...###.#
###.#.# #§...§# #.#.# .#
.....#.....###.#.# #
#.#...._...(..#..
...#.....#..<#..#
....#....§#...# .# ###
###.###.@.# ......g...#
<....gg##...# ........
##.... ........ .....
....... .?.. ....... ..>
....... .##


You could see 3 gnolls.

Vanquished Creatures
  An ooze (D:2)
  A worm (D:2)
  4 bats
  A giant cockroach (D:1)
  4 goblins
  3 hobgoblins (D:1)
  4 giant geckos (D:1)
  3 giant newts
  5 kobolds
  5 rats
31 creatures vanquished.

Vanquished Creatures (others)
  4 toadstools (D:1)
4 creatures vanquished.

Grand Total: 35 creatures vanquished

Notes
Turn   | Place    | Note
--------------------------------------------------------------
     0 | D:1      | PhoenixCNY the Minotaur Berserker began the quest for the Orb.
     0 | D:1      | Reached XP level 1. HP: 19/19 MP: 0/0
   310 | D:1      | Reached XP level 2. HP: 22/27 MP: 1/1
   377 | D:1      | Reached skill level 4 in Maces & Flails
   786 | D:2      | Reached XP level 3. HP: 24/33 MP: 2/2
   915 | D:2      | Acquired Trog's second power
   924 | D:2      | Found a stormy altar of Qazlal.
   947 | D:2      | Slain by a gnoll

Vault maps used:
D:1:      ldierk_walled_garden_2
D:2:      grunt_temple_overflow_open, grunt_qazlal_clouds, serial_bayou_crossing

Action                   || total
-------------------------++-------
Melee: Mace              ||    66
  Use: Scroll            ||     3
 Stab: Sleeping          ||     1
